 Dungeon Crawl Stone Soup version 0.31.0-7-gf635a9b802 (console) character file.

Game seed: 8306411517349429192

7458 Zeia the Fighter (level 11, 0/89 HPs)
             Began as a Djinni Ice Elementalist on Jan 23, 2024.
             Was a Believer of Ashenzari.
             Slain by a wight
             ... wielding a +2 halberd of freezing
              (14 damage)
             ... on level 10 of the Dungeon.
             The game lasted 01:07:03 (10808 turns).

Zeia the Fighter (Djinni Ice Elementalist)         Turns: 10808, Time: 01:07:04

Health: 0/89       AC:  4    Str:  7    XL:     11   Next: 37%
Gold:   688        EV: 10    Int: 27    God:    Ashenzari [**....] SH:  4 Dex: 14

rFire   + + .        f - +1 whip {elec, Range, Comp} (curse)
rCold   x . .        J - +0 buckler "Cryptic Elitism" {Bglg, Sorc} (curse)
rNeg    . . .        Q - +0 troll leather armour
rPois   ∞            (no helmet)
rElec   .            A - +0 cloak of Ashenzari's Gloom {Comp, Dev} (curse)
rCorr   .            (no gloves)
SInv    +            (boots unavailable)
Will    +....        (no amulet)
Stlth   ++           H - +6 ring of intelligence
HPRegen 1.14/turn    (no ring)
MPRegen 0.00/turn

%: infuse magic (-1 HP)
@: flying, studying Stealth
A: sickness immunity, fire resistance 2, cold vulnerability 1, float, innate
caster, HP casting, extra vitality 1
a: Renounce Religion, Shatter the Chains


You were on level 10 of the Dungeon.
You worshipped Ashenzari.
Ashenzari was pleased with you.
You visited 1 branch of the dungeon, and saw 10 of its levels.

You collected 688 gold pieces.

Inventory:

Hand Weapons
 e - a +0 dagger
 f - the cursed +1 whip "Unveiling Visionary" (weapon) {elec, Range, Comp}
   (You took it off a kobold on level 1 of the Dungeon)

   It has a curse which improves the following skills: Ranged Combat: Ranged
   Weapons and Throwing.
   Companions: Summonings and Necromancy.
 O - a +1 triple sword of holy wrath
Armour
 a - a +0 robe
 u - the +2 robe of Tuudeith {rN+ Str+2 Stlth+}
   (You took it off an orc on level 3 of the Dungeon)

   Str+2:     It affects your strength (+2).
   rN+:       It protects you from negative energy.
   Stlth+:    It makes you more stealthy.
 A - the cursed +0 cloak of Ashenzari's Gloom (worn) {Comp, Dev}
   (You found it on level 6 of the Dungeon)

   It has a curse which improves the following skills: Companions: Summonings
   and Necromancy.
   Devices:   Evocations and Shapeshifting.
 J - the cursed +0 buckler "Cryptic Elitism" (worn) {Bglg, Sorc}
   (You found it on level 7 of the Dungeon)

   It has a curse which improves the following skills: Beguiling: Hexes and
   Translocations.
   Sorcery:   Conjurations and Alchemy.
 L - a +0 buckler
 N - a +0 kite shield
 Q - a +0 troll leather armour (worn)
Jewellery
 r - the amulet "Xezaf" {Reflect *Slow rPois rN+++ rCorr Dex-4 SH+5}
   (You found it on level 4 of the Dungeon)

   [amulet of reflection]

   Reflect:   It reflects blocked missile attacks.
   Dex-4:     It affects your dexterity (-4).
   rPois:     It protects you from poison rN+++: It renders you almost immune to
   negative energy.
   rCorr:     It protects you from acid and corrosion.
   *Slow:     It may slow you when you take damage.
   SH+5:      It affects your SH (+5).
 G - a ring of protection from fire
 H - a +6 ring of intelligence (left hand)
 M - a ring of ice
Wands
 z - a wand of flame (56)
 B - a wand of polymorph (11)
 C - a wand of acid (9)
 P - a wand of paralysis (5)
Scrolls
 b - 4 scrolls of poison
 c - a scroll of noise
 d - a scroll of amnesia
 j - a scroll of immolation
 l - a scroll of enchant armour
 m - 2 scrolls of brand weapon
 n - 3 scrolls of enchant weapon
 s - 4 scrolls of vulnerability
 t - 5 scrolls of teleportation
 v - 5 scrolls of identify
 y - 3 scrolls of blinking
 E - a scroll of fog
 F - 3 scrolls of revelation
 I - a scroll of fear
Potions
 g - a potion of brilliance
 h - 5 potions of curing
 i - a potion of heal wounds
 k - 3 potions of lignification
 o - a potion of attraction
 p - 3 potions of mutation
 q - 2 potions of resistance
 w - 2 potions of cancellation
 x - 2 potions of enlightenment
 D - a potion of haste
 K - a potion of invisibility


   Skills:
 + Level 12.1 Fighting
 - Level 2.1 Dodging
 - Level 1.5 Stealth
 + Level 9.9 Spellcasting
 + Level 9.9(11.0) Conjurations
 + Level 9.9(11.0) Hexes
 + Level 9.9(11.6) Summonings
 + Level 9.9(11.6) Necromancy
 + Level 9.9(11.0) Translocations
 + Level 9.9 Fire Magic
 + Level 9.9 Ice Magic
 + Level 9.9 Air Magic
 + Level 9.9 Earth Magic
 + Level 9.9(11.0) Alchemy


You knew the following spells:

 Your Spells              Type           Power      Damage    Failure   Level
a - Freeze                Ice            100%       1d10      1%          1
b - Frozen Ramparts       Ice            100%       1d16      1%          3
c - Ozocubu's Armour      Ice            61%        N/A       1%          3
d - Summon Ice Beast      Ice/Summ       64%        N/A       1%          3
e - Magic Dart            Conj           100%       1d8       1%          1
f - Momentum Strike       Conj/Tloc      100%       3d10      1%          2
g - Fugue of the Fallen   Necr           66%        N/A       1%          3
h - Martyr's Knell        Necr/Summ      66%        N/A       1%          4
i - Yara's Violent Unrav  Hex/Alch       32%        3d13      3%          5
Your spell library was empty.

Dungeon Overview and Level Annotations

Branches:
Dungeon (10/15)            Temple (0/1) D:7             Orc (0/2) D:9
   Lair: D:8-11

Altars:
Ashenzari
Cheibriados
Elyvilon
Hepliaklqana
Nemelex Xobeh
Okawaru
Qazlal
Ru
Xom
Yredelemnul

Shops:
D:9 !*   D:10 *

Annotations:
D:2 1 runed translucent door, Crazy Yiuf
D:3 Sigmund
D:4 1 runed translucent door, TheBioAlchemist's ghost, novice OpSh
D:7 1 exclusion, Jeremiah
D:9 1 runed translucent door, booth's ghost, novice TrSh


Innate Abilities, Weirdness & Mutations

You are immune to sickness and miasma.
You are immune to poison.
Your flesh is very heat resistant. (rF++)
You are vulnerable to cold. (rC-)
You float through the air rather than walking.
You learn spells naturally, not from books.
Your magical power is your life essence.
You have superior vitality. (+4 MHP)


Message History

* * * LOW HITPOINT WARNING * * *
The wight freezes you.
* * * LOW HITPOINT WARNING * * *
Your ice beast completely misses the killer bee.
The wall freezes the killer bee!
The killer bee stings your ice beast.
The wall freezes the killer bee.
The killer bee stings your ice beast.
Your ice beast is poisoned.
The killer bee poisons your ice beast!
The wight completely resists.
The wall freezes the wight but does no damage.
The wight completely misses you.
Your ice beast closely misses the killer bee.
The wall freezes the killer bee.
You kill the killer bee!
The wall freezes the wight but does no damage.
The wight closely misses you.
Your ice beast hits the wight but does no damage.
The wight completely resists.
The wall freezes the wight but does no damage.
The wight barely misses you.
Your ice beast barely misses the wight.
The wight resists.
The wall freezes the wight.
The wight barely misses you.
Your ice beast hits the wight but does no damage.
The wall freezes the wight but does no damage.
The wight hits you from afar with a +2 halberd of freezing!
* * * LOW HITPOINT WARNING * * *
The wight freezes you.
* * * LOW HITPOINT WARNING * * *
Your ice beast hits the wight but does no damage.
The wall freezes the wight but does no damage.
The wight hits your ice beast but does no damage.
The wall freezes the wight but does no damage.
The wight closely misses your ice beast.
Your ice beast closely misses the wight.
Your frozen ramparts will break if you move.
Continue?
The frozen ramparts melt away as you move.
The wight hits your ice beast with a +2 dagger!
Your ice beast dies!
Your ice beast disappears in a puff of smoke!
There is a stone staircase leading up here.
The wight hits you from afar with a +2 halberd of freezing!
You die...

#.. ... #.. ###.. ### ....
..# ##.. #.#
#...##.####### #####
#z§z.......# #...#
.).....##.#####.######....
####.####@# ..........
........# ###########.##
........))# #.......# #.#
#.##.####.# #.#####.# #.#
# #. #.# #.# #.# #.#
####)###.# #.###.#
#........# #.....#
#.##.....#####.....# #
#..##.......##..##
#.#.##..#####.##.##....
#........# #.##.##.###


You could see a wight.

Vanquished Creatures
  14 yaks
  Duvessa (D:6)
  3 ice beasts
  2 sky beasts
  2 centaurs
  2 ogres (D:7)
  A phantom (D:5)
  2 bullfrogs
  A gnoll sergeant (D:7)
  2 scorpions
  4 wights
  Dowan (D:6)
  6 killer bees
  3 crimson imps (D:7)
  A howler monkey (D:5)
  5 hounds
  2 sleepcaps
  Jessica (D:2)
  An iguana (D:7)
  4 orc wizards
  Terence (D:3)
  10 adders
  5 gnolls
  2 white imps
  3 ribbon worms
  16 orcs
  8 ball pythons
  8 endoplasms
  4 giant cockroaches
  9 goblins
  5 hobgoblins
  6 jackals (D:1)
  A quokka (D:2)
  8 bats
  5 frilled lizards
  17 kobolds
  6 rats
172 creatures vanquished.

Vanquished Creatures (collateral kills)
  A two-headed ogre (D:9)
  A komodo dragon (D:10)
  A troll (D:9)
  Grinder (D:6)
  A wyvern (D:8)
  A water moccasin (D:9)
  An orc warrior (D:9)
  A black bear (D:5)
  2 ogres (D:6)
  A centaur (D:8)
  2 kobold brigands
  Blork the orc (D:5)
  3 bullfrogs
  A gnoll sergeant (D:9)
  A scorpion (D:6)
  4 wights
  A bombardier beetle (D:6)
  2 orc priests (D:8)
  A hound (D:5)
  2 orc wizards (D:8)
  3 gnolls
  2 adders (D:5)
  A white imp (D:7)
  4 orcs
  A hobgoblin (D:4)
  2 kobolds (D:9)
42 creatures vanquished.

Grand Total: 214 creatures vanquished

Notes
Turn   | Place    | Note
-------+----------+-------------------------------------------
     0 | D:1      | Zeia the Djinni Ice Elementalist began the quest for the
                  | Orb.
     0 | D:1      | Zeia set off with the following spells memorised: Freeze,
                  | Frozen Ramparts, Ozocubu's Armour, Summon Ice Beast.
     0 | D:1      | Reached XP level 1. HP: 15/15 MP: 0/0
   199 | D:1      | Reached XP level 2. HP: 18/22 MP: 0/0
   200 | D:1      | Reached skill level 1 in Fighting
   387 | D:1      | Reached XP level 3. HP: 26/27 MP: 0/0
   387 | D:1      | Learned a level 1 spell: Magic Dart
   625 | D:1      | Reached skill level 2 in Fighting
   880 | D:2      | Reached XP level 4. HP: 28/33 MP: 0/0
   959 | D:2      | Noticed Jessica
   969 | D:2      | Killed Jessica
  1174 | D:2      | Reached XP level 5. HP: 39/40 MP: 0/0
  1174 | D:2      | Learned a level 2 spell: Momentum Strike
  1336 | D:2      | Reached skill level 3 in Fighting
  1636 | D:2      | Found a runed translucent door.
  1637 | D:2      | Noticed Crazy Yiuf
  1825 | D:3      | Noticed Sigmund
  2263 | D:4      | Identified the amulet "Xezaf" {Reflect *Slow rPois rN+++
                  | rCorr Dex-4 SH+5}
  2485 | D:4      | Found a runed translucent door.
  2490 | D:4      | Noticed TheBioAlchemist's ghost (novice OpSh)
  3075 | D:3      | Noticed Terence
  3079 | D:3      | Killed Terence
  3080 | D:3      | Reached XP level 6. HP: 30/47 MP: 0/0
  3156 | D:3      | Reached skill level 4 in Fighting
  3188 | D:3      | Identified the +2 robe of Tuudeith {rN+ Str+2 Stlth+}
  4059 | D:5      | Entered Level 5 of the Dungeon
  4140 | D:5      | HP: 2/47 [phantom (3)]
  4146 | D:5      | HP: 1/47 [phantom (2)]
  4148 | D:5      | Reached skill level 5 in Spellcasting
  4148 | D:5      | Reached skill level 5 in Conjurations
  4148 | D:5      | Reached skill level 5 in Hexes
  4148 | D:5      | Reached skill level 5 in Summonings
  4148 | D:5      | Reached skill level 5 in Necromancy
  4148 | D:5      | Reached skill level 5 in Translocations
  4148 | D:5      | Reached skill level 5 in Fire Magic
  4148 | D:5      | Reached skill level 5 in Ice Magic
  4148 | D:5      | Reached skill level 5 in Air Magic
  4148 | D:5      | Reached skill level 5 in Earth Magic
  4148 | D:5      | Reached skill level 5 in Alchemy
  4438 | D:5      | Noticed a black bear
  4458 | D:5      | Killed a black bear
  4459 | D:5      | Reached XP level 7. HP: 27/53 MP: 0/0
  4459 | D:5      | Learned a level 3 spell: Fugue of the Fallen
  4463 | D:5      | Reached skill level 5 in Fighting
  4846 | D:5      | Noticed Blork the orc
  4854 | D:5      | Killed Blork the orc
  5168 | D:6      | Reached XP level 8. HP: 59/61 MP: 0/0
  5216 | D:6      | Reached skill level 6 in Fighting
  5335 | D:6      | Noticed Duvessa
  5335 | D:6      | Noticed Dowan
  5354 | D:6      | Killed Duvessa
  5357 | D:6      | Killed Dowan
  5516 | D:6      | Noticed a yak
  5516 | D:6      | Noticed a yak
  5516 | D:6      | Noticed a yak
  5516 | D:6      | Noticed a yak
  5516 | D:6      | Noticed a yak
  5527 | D:6      | Killed a yak
  5528 | D:6      | Reached skill level 7 in Fighting
  5532 | D:6      | Noticed a yak
  5536 | D:6      | Killed a yak
  5537 | D:6      | Reached XP level 9. HP: 54/68 MP: 0/0
  5537 | D:6      | Learned a level 4 spell: Martyr's Knell
  5542 | D:6      | Reached skill level 8 in Fighting
  6026 | D:6      | Noticed Grinder
  6059 | D:6      | Killed Grinder
  6060 | D:6      | Reached skill level 9 in Fighting
  6769 | D:7      | Found an iron altar of Okawaru.
  6776 | D:7      | Reached XP level 10. HP: 75/78 MP: 0/0
  6817 | D:7      | Found a staircase to the Ecumenical Temple.
  6923 | D:7      | Found a hazy altar of Hepliaklqana.
  6954 | D:7      | Found a broken altar of Ashenzari.
  6962 | D:7      | Became a worshipper of Ashenzari the Shackled
  7091 | D:7      | Found a white marble altar of Elyvilon.
  7386 | D:7      | Noticed Jeremiah
  7555 | D:7      | Found a shimmering altar of Xom.
  7556 | D:7      | Found a sacrificial altar of Ru.
  7613 | D:7      | Found a stormy altar of Qazlal.
  7696 | D:7      | Reached skill level 10 in Fighting
  7947 | D:7      | Found a basalt altar of Yredelemnul.
  8637 | D:8      | Found a sparkling altar of Nemelex Xobeh.
  9069 | D:9      | Found a staircase to the Orcish Mines.
  9160 | D:9      | Reached * piety under Ashenzari
  9188 | D:9      | Noticed a two-headed ogre
  9199 | D:9      | Killed a two-headed ogre
  9200 | D:9      | Reached skill level 11 in Fighting
  9401 | D:9      | Found a runed translucent door.
  9401 | D:9      | Noticed booth's ghost (novice TrSh)
  9404 | D:9      | Found a snail-covered altar of Cheibriados.
  9487 | D:9      | Found Geowalil's Neck Hole.
  9495 | D:9      | Found Mysic's Distillery.
  9527 | D:9      | Reached ** piety under Ashenzari
  9760 | D:9      | Reached XP level 11. HP: 83/87 MP: 0/0
  9760 | D:9      | Learned a level 5 spell: Yara's Violent Unravelling
 10546 | D:10     | Entered Level 10 of the Dungeon
 10547 | D:10     | Found Lughiar's Changing Room.
 10791 | D:10     | Reached skill level 12 in Fighting
 10808 | D:10     | Slain by a wight

Illustrated notes

Levels and vault maps discovered:
D:1:      ncdulo_smallfort, layout_loops_ring
D:2:      layout_basic, kennysheep_pointless_box, minivault_24, uniq_jessica,
          uniq_crazy_yiuf_cottage
D:3:      layout_loops_ring, tgw_sif, portal_sewer_entry_e,
          hangedman_decor_push, roderic_lattice_a, uniq_sigmund, uniq_terence
D:4:      layout_basic, ebering_ghost_reflecting_pool,
          nicolae_ossuary_entry_plus, minmay_misc_feat_diagonals,
          minmay_misc_feat_x, reono_crystal_passage
D:5:      layout_cave_pools, grunt_decor_clamped, nrook_pool_corridor,
          glass_columns_a, minmay_crystal_water, roderic_serpentine_path,
          uniq_blork_the_orc
D:6:      layout_rooms, minmay_manual_moon, uniq_duvessa, uniq_grinder
D:7:      layout_basic, grunt_qazlal_sundering, led_xom_imps, elyvilon_altar_5,
          mainiacjoe_overflow_cross_hatched, yredelemnul_altar_generic,
          nicolae_ru_great_annihilating_truth, grunt_temple_overflow_open,
          minmay_temple_entry_drinking_statues, uniq_jeremiah
D:8:      layout_basic, mainiacjoe_overflow_small_starburst
D:9:      layout_basic, nicolae_overflow_crystal_walls, cheibriados_altar_1,
          hellmonk_ghost_happy_afterlife, serial_shops, shop,
          nicolae_shop_sticking_my_neck_out
D:10:     layout_loops_ring, nicolae_gozag_conspicuous_consumption,
          david_lair_shrubbed, nicolae_transmutations_shop,
          dreamdust_wishing_well, hangedman_feature_mirror, uniq_snorg,
          uniq_gastronok

Skill      XL: |  1  2  3  4  5  6  7  8  9 10 11 |
---------------+----------------------------------+-----
Fighting       | 1 2 3 4 5 7 9 11 12 | 12.1
Spellcasting   | 4 5 6 7 9 |  9.9
Conjurations   | 4 5 6 7 9 |  9.9
Hexes          | 4 5 6 7 9 |  9.9
Summonings     | 4 5 6 7 9 |  9.9
Necromancy     | 4 5 6 7 9 |  9.9
Translocations | 4 5 6 7 9 |  9.9
Fire Magic     | 4 5 6 7 9 |  9.9
Ice Magic      | 4 5 6 7 9 |  9.9
Air Magic      | 4 5 6 7 9 |  9.9
Earth Magic    | 4 5 6 7 9 |  9.9
Alchemy        | 4 5 6 7 9 |  9.9
Dodging        | |  2.1
Stealth        | |  1.5

Action                     |  1- 3 |  4- 6 |  7- 9 | 10-12 || total
---------------------------+-------+-------+-------+-------++-------
  Melee: Unarmed           |     1 |       |       |       ||     1
         Whip              |       |    19 |    68 |    45 ||   132
         Punch             |       |     1 |       |       ||     1
   Cast: Freeze            |    30 |    39 |    26 |    27 ||   122
         Magic Dart        |    28 |    57 |    35 |    80 ||   200
         Frozen Ramparts   |       |     7 |    10 |    31 ||    48
         Summon Ice Beast  |       |     6 |    15 |    28 ||    49
         Momentum Strike   |       |     2 |       |     1 ||     3
         Ozocubu's Armour  |       |     3 |     5 |     6 ||    14
         Martyr's Knell    |       |       |     3 |     3 ||     6
 Invoke: Curse Item        |       |       |       |     3 ||     3
    Use: Scroll            |       |     1 |       |     5 ||     6
   Stab: Sleeping          |       |     1 |       |       ||     1
 Armour: Robe              |    16 |    64 |    65 |    43 ||   188
         Troll leather arm |       |       |       |    35 ||    35
  Dodge: Dodged            |    15 |    43 |    62 |    56 ||   176
  Block: Buckler           |       |       |       |    17 ||    17
